 Dungeon Crawl Stone Soup version 0.24-a0-443-g80245de385 (console) character file.

Game seed: 1437311289512337550

3439 Lexodia the Spear-Bearer (level 9, -6/94 HPs)
             Began as a Demonspawn Berserker on June 21, 2019.
             Was an Elder of Trog.
             Mangled by a yak (14 damage)
             ... on level 8 of the Dungeon.
             The game lasted 00:16:20 (6629 turns).

Lexodia the Spear-Bearer (Demonspawn Berserker)     Turns: 6629, Time: 00:16:20

Health: -6/94      AC:  8    Str: 25    XL:     9   Next: 77%
Magic:  9/9        EV: 11    Int:  8    God:    Trog [****..]
Gold:   171        SH:  6    Dex: 14    Spells: 8/8 levels left

rFire    + + +     SeeInvis .   E - +0 trident
rCold    . . .     Gourm    .   D - +3 buckler "Ecvietz" {rElec rF+}
rNeg     . . .     Faith    .   i - +0 robe {rF+}
rPois    .         Spirit   .   (helmet restricted)
rElec    +         Reflect  .   u - +0 cloak (curse)
rCorr    .         Harm     .   h - +2 pair of gloves
MR       .....                  (no boots)
Stlth    ..........             v - amulet of regeneration
HPRegen  0.65/turn              (no ring)
MPRegen  0.11/turn              (no ring)

@: berserking, very quick
A: antennae 1, thin metallic scales 1, blink, fire resistance 1, spiny 2, flame
cloud immunity
a: Blink, Berserk, Trog's Hand, Brothers in Arms, Renounce Religion


You were on level 8 of the Dungeon.
You worshipped Trog.
Trog was greatly pleased with you.
You were hungry.

You visited 1 branch of the dungeon, and saw 8 of its levels.

You collected 548 gold pieces.
You spent 377 gold pieces at shops.

Inventory:

Hand Weapons
 x - a +0 halberd
 E - a +0 trident (weapon)
Missiles
 n - 12 boomerangs (quivered)
 y - 8 javelins
Armour
 b - a +0 animal skin
 h - a +2 pair of gloves (worn)
 i - a +0 robe of fire resistance (worn)
 u - a cursed +0 cloak (worn)
 D - the +3 buckler "Ecvietz" (worn) {rElec rF+}
   (You bought it in a shop on level 8 of the Dungeon)

   It protects you from fire.
   It insulates you from electricity.
Jewellery
 v - an amulet of regeneration (around neck)
Wands
 p - a wand of iceblast (6)
 t - a wand of acid (5)
 A - a wand of scattershot (7)
Scrolls
 d - 5 scrolls of identify
 e - 4 scrolls of enchant armour {unknown}
 f - 3 scrolls of amnesia {unknown}
 g - a scroll of immolation
 k - 4 scrolls of fear
 m - 7 scrolls of teleportation
 o - 4 scrolls of remove curse {unknown}
 q - a scroll of blinking
 z - a scroll of enchant weapon {unknown}
 C - a scroll of holy word {unknown}
Potions
 a - a potion of ambrosia
 j - a potion of resistance
 l - a potion of cancellation {unknown}
 r - 2 potions of flight
 s - 6 potions of curing
 w - a potion of agility
Comestibles
 c - 10 rations
 B - 2 chunks of flesh


   Skills:
 - Level 3.0 Fighting
 + Level 10.2 Polearms
 + Level 8.0 Throwing
 - Level 1.7 Armour
 - Level 1.7 Dodging
 + Level 0.5 Shields


You had 8 spell levels left.
You didn't know any spells.
Your spell library was empty.

Dungeon Overview and Level Annotations

Branches:
Dungeon (8/15)             Temple (0/1) D:6
   Lair: D:8-11

Altars:
Dithmenos
Elyvilon
Nemelex Xobeh
Vehumet
Wu Jian

Shops:
D:5 [(?   D:8 [


Innate Abilities, Weirdness & Mutations

You have a pair of small antennae on your head.
You are partially covered in thin metallic scales. (AC +2)
Your flesh is heat resistant. (rF+)
You are mostly covered in sharp spines.
You are immune to clouds of flame.
You can translocate small distances at will.


Message History

You puncture the hound!
You kill the hound!
Trog accepts your kill. The wolf bites you.
* * * LOW HITPOINT WARNING * * *
A sky beast comes into view.
The yak closely misses you. You block the yak's attack.
A porcupine comes into view.
The yak barely misses you. The yak is struck by your spines. The yak gores you!
* * * LOW HITPOINT WARNING * * *
The wolf is struck by your spines. The wolf barely misses you.
Huge Dmg: -23%(-22hp) hp: 8%(7hp)
You barely miss the yak.
The yak is lightly wounded.
A scorpion comes into view.
You block the wolf's attack. The wolf bites you but does no damage.
You puncture the yak!
The yak is heavily wounded.
The yak completely misses you. You block the yak's attack. The yak gores you!
You die...
P♣P

P... ....###
Pr.h...##
s.l.....####
.♣P....l...
.Y....hhY#
.P....Y@Y#
......rY†..#
..(......#...#
##.####..#
#..# #.. ....
#. ###.# #####
#... .
#########...
...
.<.....##..#
#....


You could see 4 yaks, 2 basilisks, a sky beast, 3 wolves, a scorpion and 2
porcupines.

Vanquished Creatures
  Prince Ribbit (D:7)
  Sigmund (D:3)
  A water moccasin (D:7)
  An orc warrior (D:6)
  A black bear (D:6)
  A sky beast (D:8)
  2 ice beasts (D:5)
  4 phantoms
  4 ogres
  3 centaurs
  2 bullfrogs
  4 scorpions
  3 crimson imps
  2 bullfrog zombies
  2 centaur skeletons
  3 hounds
  2 jellies
  5 orc priests
  10 orc wizards
  3 iguanas
  6 worker ants
  A howler monkey zombie (D:5)
  A worker ant zombie (D:5)
  4 gnolls (D:4)
  8 adders
  2 shadow imps
  3 oozes
  3 adder skeletons
  An adder zombie (D:7)
  4 worms
  3 dart slugs
  4 leopard geckos
  32 orcs
  5 giant cockroaches
  6 goblins
  2 hobgoblins
  2 jackals (D:5)
  4 quokkas
  6 frilled lizards
  3 kobolds
  A rat (D:1)
156 creatures vanquished.

Notes
Turn   | Place    | Note
-------+----------+-------------------------------------------
     0 | D:1      | Lexodia the Demonspawn Berserker began the quest for the
                  | Orb.
     0 | D:1      | Reached XP level 1. HP: 18/18 MP: 1/1
   211 | D:1      | Reached skill level 3 in Polearms
   262 | D:1      | Gained mutation: You are partially covered in sharp spines.
                  | [demonic ancestry]
   262 | D:1      | Reached XP level 2. HP: 24/24 MP: 2/2
   651 | D:2      | Huge Dmg: 10 dmg
   657 | D:2      | Huge Dmg: 9 dmg
   671 | D:2      | Reached XP level 3. HP: 9/29 MP: 3/3
  1074 | D:2      | Found a radiant altar of Vehumet.
  1074 | D:2      | Found a shadowy altar of Dithmenos.
  1199 | D:2      | Reached skill level 4 in Polearms
  1212 | D:2      | Found an ornate altar of the Wu Jian Council.
  1549 | D:3      | Reached ** piety under Trog
  1555 | D:3      | Huge Dmg: 8 dmg
  1555 | D:3      | Gained mutation: You have a pair of small antennae on your
                  | head. [demonic ancestry]
  1555 | D:3      | Reached XP level 4. HP: 35/35 MP: 4/4
  1569 | D:3      | Huge Dmg: 13 dmg
  1789 | D:3      | Noticed Sigmund
  1805 | D:3      | Huge Dmg: 16 dmg
  1809 | D:3      | Gained mutation: Your flesh is heat resistant. (rF+)
                  | [potion of mutation]
  1809 | D:3      | Gained mutation: You are dopey. (Int -2) [potion of
                  | mutation]
  1809 | D:3      | Gained mutation: You are covered in fur. (AC +1) [potion of
                  | mutation]
  1821 | D:3      | Killed Sigmund
  1821 | D:3      | Reached skill level 6 in Polearms
  1821 | D:3      | Reached XP level 5. HP: 41/41 MP: 5/5
  1826 | D:3      | Huge Dmg: 16 dmg
  1932 | D:3      | Mutation became permanent: Your flesh is heat resistant.
                  | (rF+) [demonic ancestry]
  1932 | D:3      | Gained mutation: Your flesh is heat resistant. (rF+)
                  | [demonic ancestry]
  1932 | D:3      | Reached XP level 6. HP: 44/47 MP: 6/6
  2009 | D:3      | Found a white marble altar of Elyvilon.
  2361 | D:4      | Huge Dmg: 12 dmg
  2362 | D:4      | Reached skill level 1 in Throwing
  2371 | D:4      | Huge Dmg: 16 dmg
  2518 | D:4      | Huge Dmg: 18 dmg
  2529 | D:4      | Huge Dmg: 8 dmg
  2608 | D:4      | Gained mutation: You are mostly covered in sharp spines.
                  | [demonic ancestry]
  2608 | D:4      | Reached XP level 7. HP: 29/52 MP: 7/7
  2619 | D:4      | Huge Dmg: 7 dmg
  2629 | D:4      | Reached skill level 7 in Polearms
  2632 | D:4      | Huge Dmg: 10 dmg
  2819 | D:4      | Huge Dmg: 19 dmg
  2829 | D:4      | Huge Dmg: 12 dmg
  3037 | D:5      | Entered Level 5 of the Dungeon
  3563 | D:4      | Lost mutation: You are dopey. (Int -2) [potion of mutation]
  3563 | D:4      | Lost mutation: You are covered in fur. (AC +1) [potion of
                  | mutation]
  3563 | D:4      | Gained mutation: You can translocate small distances at
                  | will. [potion of mutation]
  3563 | D:4      | Gained mutation: You are weak. (Str -2) [potion of
                  | mutation]
  3563 | D:4      | Lost mutation: You are weak. (Str -2) [potion of mutation]
  3795 | D:5      | Huge Dmg: 16 dmg
  3798 | D:5      | Huge Dmg: 27 dmg
  3806 | D:5      | Huge Dmg: 4 dmg
  3993 | D:5      | Gained mutation: You are immune to clouds of flame.
                  | [demonic ancestry]
  3993 | D:5      | Reached XP level 8. HP: 58/58 MP: 8/8
  4001 | D:5      | Huge Dmg: 25 dmg
  4119 | D:5      | Found Ytzu's Weapon Shop.
  4155 | D:5      | Found Uterchukk's Magic Scroll Emporium.
  4163 | D:5      | Bought a scroll of teleportation for 36 gold pieces
  4163 | D:5      | Bought a scroll of blinking for 90 gold pieces
  4163 | D:5      | Bought a scroll of fear for 42 gold pieces
  4200 | D:5      | Reached skill level 8 in Polearms
  4367 | D:5      | Reached skill level 5 in Throwing
  4386 | D:5      | Huge Dmg: 14 dmg
  4386 | D:5      | Reached *** piety under Trog
  4419 | D:5      | Huge Dmg: 15 dmg
  4431 | D:5      | Huge Dmg: 17 dmg
  4601 | D:5      | Found Jarchojua's Armour Shoppe.
  4886 | D:6      | Found a staircase to the Ecumenical Temple.
  4906 | D:6      | Reached skill level 9 in Polearms
  5196 | D:6      | Gained mutation: You are partially covered in thin metallic
                  | scales. (AC +2) [demonic ancestry]
  5196 | D:6      | Reached XP level 9. HP: 61/63 MP: 9/9
  5438 | D:7      | Found a sparkling altar of Nemelex Xobeh.
  5526 | D:7      | Huge Dmg: 28 dmg
  5533 | D:7      | Huge Dmg: 15 dmg
  5573 | D:7      | Reached **** piety under Trog
  5689 | D:7      | Noticed Prince Ribbit
  5696 | D:7      | Killed Prince Ribbit
  5701 | D:7      | Huge Dmg: 33 dmg
  5899 | D:7      | Huge Dmg: 29 dmg
  6042 | D:7      | Reached skill level 10 in Polearms
  6288 | D:8      | Huge Dmg: 14 dmg
  6291 | D:8      | Huge Dmg: 11 dmg
  6388 | D:8      | Found a shadowy altar of Dithmenos.
  6411 | D:8      | Found Ocoth's Antique Armour Boutique.
  6441 | D:8      | Bought a scorched buckler for 209 gold pieces
  6527 | D:5      | Identified the +3 buckler "Ecvietz" {rElec rF+} (You bought
                  | it in a shop on level 8 of the Dungeon)
  6619 | D:8      | Huge Dmg: 16 dmg
  6626 | D:8      | Huge Dmg: 23 dmg
  6628 | D:8      | Huge Dmg: 22 dmg
  6629 | D:8      | Mangled by a yak

Levels and vault maps discovered:
D:1:      giann_forest_graveyard, layout_basic
D:2:      layout_basic, lemuel_coloured_pillars_altar,
          gammafunk_temple_overflow_elements
D:3:      layout_loops_ring, lemuel_round_altar, uniq_sigmund
D:4:      layout_loops_corners
D:5:      layout_basic, serial_shops, nicolae_shop_competitors_out_of_business,
          kennysheep_mini, nicolae_shop_temple_entry_statues_fountains,
          first_ration, nzn_random_ring
D:6:      layout_basic, minmay_temple_entry_mini_moons, chequers_hall_statues_y,
          minmay_misc_feat_nine_boxes
D:7:      layout_cave_pods, nemelex_xobeh_ov_fountains_minmay,
          uniq_prince_ribbit1
D:8:      layout_loops_cross, nicolae_overflow_hidden_temple,
          minmay_lair_entry_grove, serial_shops, shop,
          nicolae_dithmenos_through_a_glass_darkly, uniq_psyche

Skill      XL: |  1  2  3  4  5  6  7  8  9 |
---------------+----------------------------+-----
Polearms       | 3 4 6 7 9 10 | 10.2
Throwing       | 2 4 6 8 |  8.0
Fighting       | |  3.0
Armour         | |  1.7
Dodging        | |  1.7
Shields        | |  0.5

Action                   |  1- 3 |  4- 6 |  7- 9 || total
-------------------------+-------+-------+-------++-------
Melee: Spear             |    83 |     4 |       ||    87
       Trident           |       |    79 |    85 ||   164
       Halberd           |       |       |   187 ||   187
Throw: Boomerang         |       |     2 |    18 ||    20
Invok: Berserk           |     1 |     3 |     9 ||    13
  Use: Potion            |       |     5 |     1 ||     6
       Scroll            |       |       |     5 ||     5
 Stab: Sleeping          |       |     1 |     4 ||     5
  Eat: Chunk             |     2 |     7 |    17 ||    26
       Ration            |       |       |     1 ||     1
Armor: Animal skin       |    11 |     1 |       ||    12
       Skin              |       |     9 |       ||     9
       Robe              |       |    11 |    54 ||    65
Dodge: Dodged            |    26 |    32 |    94 ||   152
Block: Buckler           |       |       |     8 ||     8

Table legend:
 A = Non-vault XP
 B = Vault XP
 C = Vault XP percentage of total XP
 D = Non-vault monster count
 E = Vault monster count
 F = Vault count percentage of total count
                 A         B        C        D         E       F
            +---------+---------+-------+---------+---------+-------
      Total |    4238 |     676 |  13.8 |     143 |      13 |   8.3
            +---------+---------+-------+---------+---------+-------
        D:1 |      23 |       0 |   0.0 |      10 |       0 |   0.0
        D:2 |      43 |       0 |   0.0 |      11 |       0 |   0.0
        D:3 |     141 |     227 |  61.7 |      19 |       1 |   5.0
        D:4 |     688 |       0 |   0.0 |      20 |       0 |   0.0
        D:5 |     840 |     175 |  17.2 |      23 |      11 |  32.4
        D:6 |     886 |       0 |   0.0 |      20 |       0 |   0.0
        D:7 |    1082 |     274 |  20.2 |      27 |       1 |   3.6
        D:8 |     535 |       0 |   0.0 |      13 |       0 |   0.0
            +---------+---------+-------+---------+---------+-------
